 Dungeon Crawl Stone Soup version 0.31.0-32-g396128a36d (webtiles) character file.

Game seed: 4345517534422741586

117 Curundu the Chopper (level 4, -3/61 HPs)
             Began as a Minotaur Berserker on Mar 21, 2024.
             Was a Believer of Trog.
             Slain by Pikel
             ... wielding a +1 whip of freezing
              (6 damage)
             ... on level 5 of the Dungeon.
             The game lasted 00:04:49 (1948 turns).

Curundu the Chopper (Minotaur Berserker)            Turns: 1948, Time: 00:04:50

Health: -3/61      AC:  3    Str: 24    XL:     4   Next: 71%
Magic:  3/3        EV: 12    Int:  4    God:    Trog [**....]
Gold:   94         SH:  0    Dex:  9    Spells: 3/3 levels left

rFire   . . .        a - +0 hand axe
rCold   . . .        (no shield)
rNeg    . . .        b - +0 animal skin
rPois   .            (helmet restricted)
rElec   .            (no cloak)
rCorr   .            (no gloves)
SInv    .            i - +0 pair of boots
Will    .....        (no amulet) Stlth
                     (no ring)
HPRegen 0.30/turn    (no ring)
MPRegen 0.08/turn

%: no passive effects
@: berserking, very quick
A: horns 2, retaliatory headbutt
a: Renounce Religion, Berserk, Trog's Hand


You were on level 5 of the Dungeon.
You worshipped Trog.
Trog was pleased with you.
You visited 1 branch of the dungeon, and saw 4 of its levels.

You collected 94 gold pieces.

Inventory:

Hand Weapons
 a - a +0 hand axe (weapon)
Armour
 b - a +0 animal skin (worn)
 i - a +0 pair of boots (worn)
Jewellery
 h - an amulet of magic regeneration
 k - a +6 ring of dexterity
 q - a ring of protection from cold
Scrolls
 c - a scroll of immolation {unknown}
 e - 4 scrolls of identify {unknown}
 f - 3 scrolls of vulnerability {unknown}
 g - 2 scrolls of enchant weapon {unknown}
 l - a scroll of enchant armour {unknown}
 m - a scroll of amnesia {unknown}
 n - a scroll of teleportation {unknown}
 o - a scroll of fear {unknown}
 p - a scroll of poison {unknown}
Potions
 d - a potion of degeneration {unknown}
 j - a potion of mutation {unknown}
 r - a potion of haste {unknown}


   Skills:
 + Level 4.4 Fighting
 + Level 5.1 Axes
 + Level 2.8 Armour
 + Level 3.3 Dodging
 + Level 0.2 Stealth


You had 3 spell levels left.
You didn't know any spells.
Your spell library was empty.

Dungeon Overview and Level Annotations

Branches:
Dungeon (3/15)

Altars:
Vehumet

Shops:
D:3 (

Annotations:
D:5 Pikel


Innate Abilities, Weirdness & Mutations

You have a pair of horns on your head.
You reflexively headbutt those who attack you in melee.


Message History

Pikel freezes you. The lemure hits you!
* * * LOW HITPOINT WARNING * * *
The lemure hits you.
* * * LOW HITPOINT WARNING * * *
The lemure misses you.
You slash Pikel! Your headbutt misses Pikel.
Pikel is heavily wounded.
You barely miss the lemure. You hit the lemure. You slash the lemure!
You kill the lemure!
That felt strangely unrewarding.
Pikel hits you with a +1 whip of freezing.
* * * LOW HITPOINT WARNING * * *
Pikel freezes you.
* * * LOW HITPOINT WARNING * * *
The lemure hits you.
* * * LOW HITPOINT WARNING * * *
You hit Pikel.
Pikel is severely wounded.
You hit the lemure. You slash the lemure! The lemure closely misses you.
You hit Pikel. Your headbutt misses Pikel.
Pikel is severely wounded.
You barely miss the lemure. You closely miss the lemure.
Pikel hits you with a +1 whip of freezing.
* * * LOW HITPOINT WARNING * * *
Pikel freezes you.
* * * LOW HITPOINT WARNING * * *
The lemure hits you.
* * * LOW HITPOINT WARNING * * *
The lemure barely misses you. You furiously retaliate!
You headbutt the lemure!!
You kill the lemure!
That felt strangely unrewarding.
You hit Pikel but do no damage. You headbutt Pikel.
Pikel is almost dead.
You slash the lemure!
You kill the lemure!
That felt strangely unrewarding.
Pikel hits you with a +1 whip of freezing.
You die...
Pikel says, "See you in Hell!"

##### ##...## ######
#.....###### #.....
#..@.......# #.####
#..K..###.)## #.#
##...###....###.####
##.###.............
####.#
##....###.###.
#5...# ##.### #.###.
..5K..#### #.#
#..... ####. #.#
#####. # ##+## #....


You could see Pikel.

Vanquished Creatures
  3 lemures (D:5)
  4 adders (D:2)
  2 ufetubi (D:5)
  6 orcs
  4 endoplasms
  4 giant cockroaches
  12 hobgoblins
  3 jackals (D:2)
  2 kobolds
  4 quokkas
  9 bats
  4 frilled lizards
  3 goblins
  5 rats
65 creatures vanquished.

Notes
Turn   | Place    | Note
-------+----------+-------------------------------------------
     0 | D:1      | Curundu the Minotaur Berserker began the quest for the Orb.
     0 | D:1      | Reached XP level 1. HP: 19/19 MP: 0/0
   158 | D:1      | Reached skill level 4 in Axes
   158 | D:1      | Reached XP level 2. HP: 27/27 MP: 1/1
   869 | D:2      | Reached XP level 3. HP: 28/33 MP: 2/2
  1094 | D:2      | Reached ** piety under Trog
  1112 | D:2      | Reached XP level 4. HP: 40/40 MP: 3/3
  1445 | D:3      | Found a radiant altar of Vehumet.
  1521 | D:3      | Reached skill level 5 in Axes
  1549 | D:3      | Found Ynto's Antique Weapon Shoppe.
  1758 | D:3      | You fall into a shaft and drop 2 floors!
  1758 | D:5      | Entered Level 5 of the Dungeon
  1801 | D:5      | Reached *** piety under Trog
  1927 | D:5      | Noticed a lemure
  1927 | D:5      | Noticed a lemure
  1929 | D:5      | Noticed Pikel
  1929 | D:5      | Noticed a lemure
  1945 | D:5      | Killed a lemure
  1947 | D:5      | HP: 3/61 [lemure[Pikel] (3)]
  1947 | D:5      | Killed a lemure
  1948 | D:5      | Killed a lemure
  1948 | D:5      | Slain by Pikel

Illustrated notes

Levels and vault maps discovered:
D:1:      psy_arrival_wood_between_worlds, layout_basic
D:2:      layout_rooms
D:3:      layout_basic, overflow_temple_1_default,
          mainiacjoe_overflow_small_starburst, serial_shops, shop,
          grunt_ministairs_8, kennysheep_generic_room_13
D:5:      layout_loops_corners, minmay_gold_behind_fungi, uniq_prince_ribbit1,
          uniq_blork_the_orc, uniq_duvessa, uniq_eustachio, uniq_pikel

Skill      XL: |  1  2  3  4 |
---------------+-------------+-----
Axes           | 4 5 |  5.1
Fighting       | 4 |  4.4
Dodging        | 3 |  3.3
Armour         | |  2.8
Stealth        | |  0.2

Action                     |  1- 3 |  4- 6 || total
---------------------------+-------+-------++-------
  Melee: Hand axe          |    54 |    64 ||   118
         Headbutt          |    11 |     8 ||    19
 Invoke: Berserk           |       |     1 ||     1
 Armour: Animal skin       |    43 |    49 ||    92
  Dodge: Dodged            |    66 |    53 ||   119
